BOSTON vs NASHVILLE

Created - June 5, 2021 at 09:27

Goals
1 2 3 OT1 SO T
BOSTON 2 1 0 0 2 3
NASHVILLE 2 0 1 0 3 4
Shots
1 2 3 OT1 SO T
BOSTON 5 8 4 0 5 17
NASHVILLE 9 4 9 2 5 24

1st period

1. NASHVILLE , Tage Thompson 6 (Devin Shore 2, Connor Carrick 15) at 8:15
2. NASHVILLE , Morgan Rielly 12 (Sean Monahan 39, Jimmy Vesey 22) at 14:52
3. BOSTON , Ivan Provorov 21 (Miro Heiskanen 43, William Nylander 33) at 15:24
4. BOSTON , Alexandre Texier 4 (Nicolas Roy 1, Robert Hagg 1) at 16:31

Penalties :
No Penalty

2nd period

5. BOSTON , William Nylander 24 (Ivan Provorov 41, Miro Heiskanen 44) at 15:14

Penalties :
Brian Dumoulin (NSH) for Roughing (Minor) at 0:40, Paul Byron (NSH) for Hooking (Minor) at 18:29

3rd period

6. NASHVILLE , Sean Monahan 26 (Erik Gustafsson 29, Nicolas Hague 30) at 15:14

Penalties :
Miles Wood (BOS) for Slashing (Minor) at 3:17, Josh Leivo (NSH) for Boarding (Minor) at 9:46

Overtime #1

No Goal

Penalties :
No Penalty

Shootout

BOSTON, William Nylander - Goal!
NASHVILLE, Sean Monahan - Goal!
BOSTON, Kevin Fiala - Goal!
NASHVILLE, J.T. Compher - Goal!
BOSTON, Ilya Kovalchuk - Stopped by Devan Dubnyk
NASHVILLE, Paul Byron - Stopped by Martin Jones
BOSTON, Blake Comeau - Shot Misses the Net
NASHVILLE, Jason Dickinson - Shot Misses the Net
BOSTON, Ivan Barbashev - Stopped by Devan Dubnyk
NASHVILLE, Jimmy Vesey - Goal!

Penalties :
No Penalty

Goalie Stats

Martin Jones (BOS), 21 saves from 24 shots - (0.875), OTL, 15-15-3, 65:00 minutes
Devan Dubnyk (NSH), 14 saves from 17 shots - (0.824), W, 8-11-1, 65:00 minutes

Players Stats for BOSTON

Player Name              G  A  P  +/- PIM S  H  SB GA TA FO     MP     PP MP  PK MP  
------------------------------------------------------------------------------------
Alec Martinez            0  0  0  -1  0   3  0  1  0  0  0/0    21:58   2:33   0:50 
Alexandre Texier         1  0  1   2  0   2  0  0  0  0  4/7     6:48   0:00   0:00 
Andrew Mangiapane        0  0  0  -2  0   4  2  0  0  0  1/1    15:52   0:00   0:00 
Blake Comeau             0  0  0  -2  0   0  0  0  0  0  0/0    18:53   2:50   0:51 
Casey Mittelstadt        0  0  0  -2  0   0  0  0  0  0  10/18  17:55   0:00   0:00 
Filip Hronek             0  0  0   0  0   0  4  1  0  0  0/0    21:22   2:33   0:50 
Filip Zadina             0  0  0   1  0   0  0  0  0  0  0/0     0:18   0:00   0:00 
Ilya Kovalchuk           0  0  0   0  0   0  0  0  0  0  1/1    20:24   2:33   0:51 
Ivan Barbashev           0  0  0   0  0   1  2  1  0  0  11/18  21:29   2:33   0:00 
Ivan Provorov            1  1  2   1  0   2  1  2  0  0  0/0    22:30   2:55   1:09 
Juuso Valimaki           0  0  0  -1  0   0  1  0  0  0  0/0    18:11   0:29   0:00 
Kevin Fiala              0  0  0   0  0   0  0  0  0  0  0/0    23:13   2:34   1:08 
Miles Wood               0  0  0   0  2   0  1  0  0  0  0/0    20:34   2:33   0:00 
Miro Heiskanen           0  2  2   1  0   2  1  0  0  0  0/0    24:33   2:55   1:09 
Nicolas Roy              0  1  1   2  0   0  1  0  0  0  0/0     3:48   1:24   0:00 
Philippe Myers           0  0  0  -1  0   0  2  0  0  0  0/0    16:08   0:29   0:00 
Reilly Smith             0  0  0   0  0   0  0  0  0  0  0/0     0:29   0:29   0:00 
Robert Hagg              0  1  1   1  0   0  0  0  0  0  0/0     0:18   0:00   0:00 
Victor Olofsson          0  0  0   0  0   1  0  0  0  0  0/1    15:28   0:00   0:00 
William Nylander         1  1  2   1  0   2  0  0  0  0  6/16   22:49   2:55   1:08 

Players Stats for NASHVILLE

Player Name              G  A  P  +/- PIM S  H  SB GA TA FO     MP     PP MP  PK MP  
------------------------------------------------------------------------------------
Alex Petrovic            0  0  0   1  0   0  1  0  0  0  0/0    17:25   0:00   1:10 
Alexander Barabanov      0  0  0   1  0   0  0  0  0  0  0/0     6:22   0:00   0:00 
Bobby Ryan               0  0  0   0  0   0  2  0  0  0  1/2    16:41   0:52   0:00 
Brian Dumoulin           0  0  0   0  2   0  4  2  0  0  0/0    23:21   0:52   1:47 
Connor Carrick           0  1  1   1  0   0  0  1  0  0  0/0    18:54   0:00   0:10 
Devin Shore              0  1  1  -2  0   1  3  0  0  0  5/11   19:29   0:00   2:01 
Erik Gustafsson          0  1  1  -1  0   1  0  1  0  0  0/0    20:17   1:07   3:14 
J.T. Compher             0  0  0   1  0   2  1  0  0  0  0/0    19:11   1:07   2:50 
Jason Dickinson          0  0  0   0  0   0  2  0  0  0  0/0    21:46   0:52   2:36 
Jimmy Vesey              0  1  1   1  0   3  1  1  0  0  0/0    18:41   1:07   0:59 
Josh Leivo               0  0  0  -2  2   2  0  1  0  0  0/1    15:28   0:00   0:00 
Morgan Rielly            1  0  1   0  0   3  1  3  0  0  0/0    24:14   0:52   2:39 
Nicolas Hague            0  1  1  -1  0   1  3  1  0  0  0/0    20:48   1:07   2:54 
Nolan Patrick            0  0  0   0  0   0  0  0  0  0  1/1     0:56   0:00   0:00 
Paul Byron               0  0  0   0  2   4  2  0  0  0  5/16   18:33   0:52   1:03 
Sean Monahan             1  1  2   2  0   5  0  0  0  0  13/20  23:22   1:07   2:25 
Tage Thompson            1  0  1  -2  0   2  0  0  0  0  1/3    17:10   0:00   0:00 
Yakov Trenin             0  0  0   1  0   0  1  0  0  0  3/8     6:22   0:00   0:00 

3 Stars

1 - Sean Monahan (NSH)
2 - Ivan Provorov (BOS)
3 - William Nylander (BOS)

Power Play

BOSTON - 0 on 3 Attempt(s) - 0.00%
NASHVILLE - 0 on 1 Attempt(s) - 0.00%

Penalty Kill

BOSTON - 1 on 1 Attempt(s) - 100.00% - Score 0 goal in Penalty Kill
NASHVILLE - 3 on 3 Attempt(s) - 100.00% - Score 0 goal in Penalty Kill

Team Stat

BOSTON - Hits : 15 - Faceoff Wins : 33 - Blocked Shots : 5 - Penalty Minutes : 2
NASHVILLE - Hits : 21 - Faceoff Wins : 29 - Blocked Shots : 10 - Penalty Minutes : 6

Official

Referees : Vince Goulet and Chris Floresco
Linesman : Julien Fournier and Steve Miller

Game Notes

No Game Note

Finance

Level 1 -- Attendance: 4319 (71.98%) -- Ticket Income $431,900
Level 2 -- Attendance: 3532 (70.64%) -- Ticket Income $211,920
Level 3 -- Attendance: 1999 (99.95%) -- Ticket Income $69,965
Level 4 -- Attendance: 2601 (65.03%) -- Ticket Income $65,025
Luxury Box -- Attendance: 690 (69.00%) -- Ticket Income $138,000
Game was played at the Bridgestone Arena.
Total Attendance: 13141 (73.01%)
Total Ticket Income: $916,810
Total Income: $916,810

BOSTON

5 vs 5 Forward 
   Center                   Left Wing                Right Wing               Time % Phy DF OF 
 1 William Nylander         Kevin Fiala              Victor Olofsson          35     1   1  3  
 2 Ivan Barbashev           Ilya Kovalchuk           Miles Wood               30     0   2  3  
 3 Casey Mittelstadt        Andrew Mangiapane        Blake Comeau             25     1   2  2  
 4 Alexandre Texier         William Nylander         Kevin Fiala              10     1   2  2  

5 vs 5 Defense 
   Defense                  Defense                                           Time % Phy DF OF 
 1 Ivan Provorov            Miro Heiskanen                                    35     1   1  3  
 2 Alec Martinez            Filip Hronek                                      30     1   1  3  
 3 Philippe Myers           Juuso Valimaki                                    25     2   2  1  
 4 Ivan Provorov            Miro Heiskanen                                    10     0   0  5  

PowerPlay Forward 
   Center                   Left Wing                Right Wing               Time % Phy DF OF 
 1 William Nylander         Kevin Fiala              Blake Comeau             60     1   2  2  
 2 Ivan Barbashev           Ilya Kovalchuk           Miles Wood               40     1   2  2  

PowerPlay Defense
   Defense                  Defense                                           Time % Phy DF OF 
 1 Ivan Provorov            Miro Heiskanen                                    60     1   2  2  
 2 Alec Martinez            Filip Hronek                                      40     1   2  2  

Penalty Kill 4 Players Forward 
   Center                   Wing                     Time % Phy DF OF 
 1 William Nylander         Kevin Fiala              60     1   2  2  
 2 Ilya Kovalchuk           Blake Comeau             40     1   2  2  

Penalty Kill 4 Players Defense
   Defense                  Defense                  Time % Phy DF OF 
 1 Ivan Provorov            Miro Heiskanen           60     1   2  2  
 2 Alec Martinez            Filip Hronek             40     1   2  2  

Penalty Kill - 3 Players Forward 
   Forward                                           Time % Phy DF OF 
 1 William Nylander                                  60     1   2  2  
 2 Kevin Fiala                                       40     1   2  2  

Penalty Kill - 3 Players Defense
   Defense                  Defense                  Time % Phy DF OF 
 1 Ivan Provorov            Miro Heiskanen           60     1   2  2  
 2 Alec Martinez            Filip Hronek             40     1   2  2  

4 vs 4 Forward 
   Center                   Wing                     Time % Phy DF OF 
 1 William Nylander         Kevin Fiala              60     1   2  2  
 2 Ilya Kovalchuk           Blake Comeau             40     1   2  2  

4 vs 4 Defense
   Defense                  Defense                  Time % Phy DF OF 
 1 Ivan Provorov            Miro Heiskanen           60     1   2  2  
 2 Alec Martinez            Filip Hronek             40     1   2  2  

Last Minutes Offensive
   Center                   Left Wing                Right Wing               Defense                  Defense                  
   William Nylander         Kevin Fiala              Blake Comeau             Ivan Provorov            Miro Heiskanen           

Last Minutes Defensive
   Center                   Left Wing                Right Wing               Defense                  Defense                  
   William Nylander         Kevin Fiala              Blake Comeau             Ivan Provorov            Miro Heiskanen           

Goaltenders
Starting : Martin Jones             
Backup : Thatcher Demko           

Extra Forwards
Normal : Nicolas Roy, Kevin Fiala, Andrew Mangiapane - PP : Nicolas Roy, Reilly Smith - PK : Andrew Mangiapane
Extra Defensemen
Normal : Philippe Myers, Juuso Valimaki, Alec Martinez - PP : Philippe Myers - PK : Juuso Valimaki, Alec Martinez
Penalty Shots
William Nylander, Kevin Fiala, Ilya Kovalchuk, Blake Comeau, Ivan Barbashev

Scratches
BOS Cap Hit (Suspend), Aleksi Saarela (Healthy)

NASHVILLE

5 vs 5 Forward 
   Center                   Left Wing                Right Wing               Time % Phy DF OF 
 1 Sean Monahan             J.T. Compher             Jimmy Vesey              35     1   2  2  
 2 Paul Byron               Jason Dickinson          Bobby Ryan               30     1   2  2  
 3 Devin Shore              Josh Leivo               Tage Thompson            25     1   2  2  
 4 Yakov Trenin             Sean Monahan             Alexander Barabanov      10     1   2  2  

5 vs 5 Defense 
   Defense                  Defense                                           Time % Phy DF OF 
 1 Morgan Rielly            Brian Dumoulin                                    35     1   2  2  
 2 Erik Gustafsson          Nicolas Hague                                     30     1   2  2  
 3 Connor Carrick           Alex Petrovic                                     25     1   2  2  
 4 Morgan Rielly            Brian Dumoulin                                    10     1   2  2  

PowerPlay Forward 
   Center                   Left Wing                Right Wing               Time % Phy DF OF 
 1 Sean Monahan             J.T. Compher             Jimmy Vesey              60     1   2  2  
 2 Paul Byron               Jason Dickinson          Bobby Ryan               40     1   2  2  

PowerPlay Defense
   Defense                  Defense                                           Time % Phy DF OF 
 1 Morgan Rielly            Brian Dumoulin                                    60     1   2  2  
 2 Erik Gustafsson          Nicolas Hague                                     40     1   2  2  

Penalty Kill 4 Players Forward 
   Center                   Wing                     Time % Phy DF OF 
 1 Sean Monahan             J.T. Compher             60     1   2  2  
 2 Paul Byron               Jason Dickinson          40     1   2  2  

Penalty Kill 4 Players Defense
   Defense                  Defense                  Time % Phy DF OF 
 1 Morgan Rielly            Brian Dumoulin           60     1   2  2  
 2 Erik Gustafsson          Nicolas Hague            40     1   2  2  

Penalty Kill - 3 Players Forward 
   Forward                                           Time % Phy DF OF 
 1 Sean Monahan                                      60     1   2  2  
 2 J.T. Compher                                      40     1   2  2  

Penalty Kill - 3 Players Defense
   Defense                  Defense                  Time % Phy DF OF 
 1 Morgan Rielly            Brian Dumoulin           60     1   2  2  
 2 Erik Gustafsson          Nicolas Hague            40     1   2  2  

4 vs 4 Forward 
   Center                   Wing                     Time % Phy DF OF 
 1 Sean Monahan             J.T. Compher             60     1   2  2  
 2 Paul Byron               Jason Dickinson          40     1   2  2  

4 vs 4 Defense
   Defense                  Defense                  Time % Phy DF OF 
 1 Morgan Rielly            Brian Dumoulin           60     1   2  2  
 2 Erik Gustafsson          Nicolas Hague            40     1   2  2  

Last Minutes Offensive
   Center                   Left Wing                Right Wing               Defense                  Defense                  
   Sean Monahan             J.T. Compher             Jimmy Vesey              Morgan Rielly            Brian Dumoulin           

Last Minutes Defensive
   Center                   Left Wing                Right Wing               Defense                  Defense                  
   Sean Monahan             J.T. Compher             Jimmy Vesey              Morgan Rielly            Brian Dumoulin           

Goaltenders
Starting : Devan Dubnyk             
Backup : Joonas Korpisalo         

Extra Forwards
Normal : Nolan Patrick, Josh Leivo, Devin Shore - PP : Nolan Patrick, Josh Leivo - PK : Devin Shore
Extra Defensemen
Normal : Connor Carrick, Alex Petrovic, Erik Gustafsson - PP : Connor Carrick - PK : Alex Petrovic, Erik Gustafsson
Penalty Shots
Sean Monahan, J.T. Compher, Paul Byron, Jason Dickinson, Jimmy Vesey

Scratches
Jordan Weal (Healthy), Jared McCann (Healthy), Andrew Peeke (Healthy), Aaron Dell (Healthy), NSH Cap Hit (Suspend)

% Time on Ice - BOSTON

Lines # - Real PCT - Wanted PCT - Time Play
Normal Forward
1 - 26% - 35% - 13:25
2 - 35% - 30% - 18:02
3 - 30% - 25% - 15:52
4 - 9% - 10% - 4:45
Normal Defense
1 - 32% - 35% - 16:39
2 - 35% - 30% - 17:59
3 - 30% - 25% - 15:39
4 - 3% - 10% - 1:47
PP Forward
1 - 57% - 60% - 3:24
2 - 43% - 40% - 2:33
PP Defense
1 - 49% - 60% - 2:55
2 - 51% - 40% - 3:02
PK Forward
1 - 57% - 60% - 1:08
2 - 43% - 40% - 0:51
PK Defense
1 - 58% - 60% - 1:09
2 - 42% - 40% - 0:50
PK3 Forward
1 - 0% - 60%
2 - 0% - 40%
PK3 Defense
1 - 0% - 60%
2 - 0% - 40%
44 Forward
1 - 0% - 60%
2 - 0% - 40%
44 Defense
1 - 0% - 60%
2 - 0% - 40%
Last Minute Offensive  - 0:00
Last Minute Defensive  - 0:00
Total
Forward - 60:00
Defense - 60:00

% Time on Ice - NASHVILLE

Lines # - Real PCT - Wanted PCT - Time Play
Normal Forward
1 - 28% - 35% - 14:24
2 - 30% - 30% - 15:49
3 - 30% - 25% - 15:29
4 - 12% - 10% - 6:22
Normal Defense
1 - 33% - 35% - 17:07
2 - 29% - 30% - 15:06
3 - 31% - 25% - 16:15
4 - 7% - 10% - 3:36
PP Forward
1 - 56% - 60% - 1:07
2 - 44% - 40% - 0:52
PP Defense
1 - 44% - 60% - 0:52
2 - 56% - 40% - 1:07
PK Forward
1 - 76% - 60% - 4:30
2 - 24% - 40% - 1:27
PK Defense
1 - 50% - 60% - 2:59
2 - 50% - 40% - 2:58
PK3 Forward
1 - 0% - 60%
2 - 0% - 40%
PK3 Defense
1 - 0% - 60%
2 - 0% - 40%
44 Forward
1 - 0% - 60%
2 - 0% - 40%
44 Defense
1 - 0% - 60%
2 - 0% - 40%
Last Minute Offensive  - 0:00
Last Minute Defensive  - 0:00
Total
Forward - 60:00
Defense - 60:00

Play-by-Play

1st period


0:01 of 1st period - Sean Monahan wins face-off versus William Nylander in neutral zone.
0:18 of 1st period - Shot by Sean Monahan.
0:18 of 1st period - Stopped by Martin Jones with a rebound.
0:20 of 1st period - Shot by Sean Monahan.
0:20 of 1st period - Shot Blocked by Ivan Provorov.
0:24 of 1st period - Shot by Sean Monahan.
0:24 of 1st period - Stopped by Martin Jones without a rebound.
0:25 of 1st period - Ivan Barbashev wins face-off versus Paul Byron in BOSTON zone.
0:33 of 1st period - Icing by Nicolas Hague.
0:34 of 1st period - Paul Byron wins face-off versus Casey Mittelstadt in NASHVILLE zone.
0:40 of 1st period - Shot by Paul Byron.
0:40 of 1st period - Stopped by Martin Jones with a rebound.
1:47 of 1st period - Icing by Alec Martinez.
1:48 of 1st period - Ivan Barbashev wins face-off versus Sean Monahan in BOSTON zone.
2:31 of 1st period - Brian Dumoulin is hit by Ivan Barbashev and loses puck.
3:46 of 1st period - Icing by Connor Carrick.
3:47 of 1st period - Devin Shore wins face-off versus Casey Mittelstadt in NASHVILLE zone.
4:09 of 1st period - Josh Leivo is hit by Juuso Valimaki and loses puck.
4:13 of 1st period - Icing by Juuso Valimaki.
4:14 of 1st period - Casey Mittelstadt wins face-off versus Yakov Trenin in BOSTON zone.
4:23 of 1st period - Shot by Andrew Mangiapane.
4:23 of 1st period - Stopped by Devan Dubnyk without a rebound.
4:24 of 1st period - Alexandre Texier wins face-off versus Sean Monahan in NASHVILLE zone.
4:42 of 1st period - Shot by William Nylander.
4:42 of 1st period - Shot Misses the Net.
4:49 of 1st period - Alexandre Texier is hit by Brian Dumoulin.
4:58 of 1st period - Shot by Alexandre Texier.
4:58 of 1st period - Stopped by Devan Dubnyk without a rebound.
4:59 of 1st period - Bobby Ryan wins face-off versus Casey Mittelstadt in NASHVILLE zone.
5:13 of 1st period - Icing by Filip Hronek.
5:14 of 1st period - Casey Mittelstadt wins face-off versus Devin Shore in BOSTON zone.
6:20 of 1st period - Icing by Kevin Fiala.
6:21 of 1st period - Sean Monahan wins face-off versus William Nylander in BOSTON zone.
7:26 of 1st period - Icing by Morgan Rielly.
7:27 of 1st period - Sean Monahan wins face-off versus Casey Mittelstadt in NASHVILLE zone.
7:41 of 1st period - Icing by Filip Hronek.
7:42 of 1st period - Casey Mittelstadt wins face-off versus Paul Byron in BOSTON zone.
8:07 of 1st period - Shot by Paul Byron.
8:07 of 1st period - Stopped by Martin Jones without a rebound.
8:08 of 1st period - Tage Thompson wins face-off versus William Nylander in BOSTON zone.
8:13 of 1st period - Shot by Devin Shore.
8:13 of 1st period - Shot Misses the Net.
8:15 of 1st period - Shot by Tage Thompson.
8:15 of 1st period - Goal by Tage Thompson - BOSTON : 0 - NASHVILLE : 1.
8:16 of 1st period - Devin Shore wins face-off versus Victor Olofsson in neutral zone.
9:02 of 1st period - Miro Heiskanen is hit by Devin Shore and loses puck.
9:37 of 1st period - Shot by Ivan Barbashev.
9:37 of 1st period - Shot Misses the Net.
10:31 of 1st period - Jason Dickinson is hit by Philippe Myers and loses puck.
10:58 of 1st period - Ivan Barbashev is hit by J.T. Compher and loses puck.
11:15 of 1st period - Shot by Jimmy Vesey.
11:15 of 1st period - Stopped by Martin Jones with a rebound.
11:18 of 1st period - J.T. Compher is hit by Philippe Myers and loses puck.
11:37 of 1st period - Josh Leivo is hit by Miles Wood and loses puck.
12:48 of 1st period - Shot by William Nylander.
12:48 of 1st period - Shot Blocked by Morgan Rielly.
12:51 of 1st period - Kevin Fiala is hit by Brian Dumoulin and loses puck.
13:01 of 1st period - Icing by Morgan Rielly.
13:02 of 1st period - Andrew Mangiapane wins face-off versus Yakov Trenin in NASHVILLE zone.
14:20 of 1st period - Shot by Jason Dickinson.
14:20 of 1st period - Shot Misses the Net.
14:52 of 1st period - Shot by Morgan Rielly.
14:52 of 1st period - Goal by Morgan Rielly - BOSTON : 0 - NASHVILLE : 2.
14:53 of 1st period - Nolan Patrick wins face-off versus William Nylander in neutral zone.
15:00 of 1st period - Kevin Fiala is hit by Yakov Trenin and loses puck.
15:14 of 1st period - Shot by William Nylander.
15:14 of 1st period - Stopped by Devan Dubnyk without a rebound.
15:15 of 1st period - Alexandre Texier wins face-off versus Devin Shore in NASHVILLE zone.
15:24 of 1st period - Shot by Ivan Provorov.
15:24 of 1st period - Goal by Ivan Provorov - BOSTON : 1 - NASHVILLE : 2.
15:25 of 1st period - William Nylander wins face-off versus Paul Byron in neutral zone.
15:25 of 1st period - William Nylander is hit by Jason Dickinson.
15:48 of 1st period - Bobby Ryan is hit by Miro Heiskanen and loses puck.
16:31 of 1st period - Shot by Nicolas Roy.
16:31 of 1st period - Deflect By Alexandre Texier.
16:31 of 1st period - Goal by Alexandre Texier - BOSTON : 2 - NASHVILLE : 2.
16:32 of 1st period - Ivan Barbashev wins face-off versus Sean Monahan in neutral zone.
16:34 of 1st period - Off-side.
16:35 of 1st period - Sean Monahan wins face-off versus Ivan Barbashev in neutral zone.
17:36 of 1st period - Shot by Kevin Fiala.
17:36 of 1st period - Shot Misses the Net.
17:53 of 1st period - Icing by Philippe Myers.
17:54 of 1st period - Paul Byron wins face-off versus Alexandre Texier in BOSTON zone.
18:58 of 1st period - Shot by Devin Shore.
18:58 of 1st period - Stopped by Martin Jones without a rebound.
18:59 of 1st period - Ivan Barbashev wins face-off versus Yakov Trenin in BOSTON zone.
19:08 of 1st period - Shot by Sean Monahan.
19:08 of 1st period - Stopped by Martin Jones without a rebound.
19:09 of 1st period - Ivan Barbashev wins face-off versus Devin Shore in BOSTON zone.
19:27 of 1st period - Icing by Brian Dumoulin.
19:28 of 1st period - Casey Mittelstadt wins face-off versus Devin Shore in NASHVILLE zone.
19:28 of 1st period - Casey Mittelstadt is hit by Brian Dumoulin.
Goals for this period are 2 for BOSTON vs 2 for NASHVILLE.
Shots for this period are 5 for BOSTON vs 9 for NASHVILLE.

2nd period


0:01 of 2nd period - Sean Monahan wins face-off versus William Nylander in neutral zone.
0:11 of 2nd period - Shot by William Nylander.
0:11 of 2nd period - Shot Misses the Net.
0:15 of 2nd period - Shot by Victor Olofsson.
0:15 of 2nd period - Shot Blocked by Brian Dumoulin.
0:21 of 2nd period - Shot by Kevin Fiala.
0:21 of 2nd period - Shot Blocked by Morgan Rielly.
0:40 of 2nd period - Minor Penalty to Brian Dumoulin for Roughing.
0:41 of 2nd period - Sean Monahan wins face-off versus Ivan Barbashev in NASHVILLE zone.
2:21 of 2nd period - Shot by Ivan Barbashev.
2:21 of 2nd period - Shot Misses the Net.
2:23 of 2nd period - Shot by Alec Martinez.
2:23 of 2nd period - Stopped by Devan Dubnyk without a rebound.
2:24 of 2nd period - Sean Monahan wins face-off versus William Nylander in NASHVILLE zone.
3:06 of 2nd period - Juuso Valimaki is hit by Alex Petrovic and loses puck.
5:09 of 2nd period - Icing by Sean Monahan.
5:10 of 2nd period - Sean Monahan wins face-off versus Casey Mittelstadt in NASHVILLE zone.
5:58 of 2nd period - Icing by Jason Dickinson.
5:59 of 2nd period - Alexandre Texier wins face-off versus Paul Byron in NASHVILLE zone.
6:31 of 2nd period - Shot by Miro Heiskanen.
6:31 of 2nd period - Shot Misses the Net.
7:09 of 2nd period - Shot by Tage Thompson.
7:09 of 2nd period - Stopped by Martin Jones without a rebound.
7:10 of 2nd period - Casey Mittelstadt wins face-off versus Yakov Trenin in BOSTON zone.
7:41 of 2nd period - Brian Dumoulin is hit by Andrew Mangiapane and loses puck.
7:53 of 2nd period - Icing by Brian Dumoulin.
7:54 of 2nd period - Yakov Trenin wins face-off versus William Nylander in NASHVILLE zone.
8:23 of 2nd period - Shot by Miro Heiskanen.
8:23 of 2nd period - Stopped by Devan Dubnyk without a rebound.
8:24 of 2nd period - Ivan Barbashev wins face-off versus Paul Byron in NASHVILLE zone.
8:48 of 2nd period - Paul Byron is hit by Filip Hronek and loses puck.
9:00 of 2nd period - Jason Dickinson is hit by Filip Hronek and loses puck.
9:56 of 2nd period - Shot by J.T. Compher.
9:56 of 2nd period - Stopped by Martin Jones with a rebound.
9:58 of 2nd period - Shot by Sean Monahan.
9:58 of 2nd period - Shot Misses the Net.
10:08 of 2nd period - Alec Martinez is hit by Jimmy Vesey and loses puck.
10:16 of 2nd period - J.T. Compher is hit by Filip Hronek and loses puck.
10:49 of 2nd period - Ivan Provorov is hit by Bobby Ryan and loses puck.
11:10 of 2nd period - Shot by William Nylander.
11:10 of 2nd period - Shot Blocked by Erik Gustafsson.
11:12 of 2nd period - Shot by Victor Olofsson.
11:12 of 2nd period - Shot Misses the Net.
11:14 of 2nd period - Shot by Miro Heiskanen.
11:14 of 2nd period - Stopped by Devan Dubnyk without a rebound.
11:15 of 2nd period - Devin Shore wins face-off versus Casey Mittelstadt in NASHVILLE zone.
11:24 of 2nd period - Shot by Andrew Mangiapane.
11:24 of 2nd period - Stopped by Devan Dubnyk without a rebound.
11:25 of 2nd period - Yakov Trenin wins face-off versus Casey Mittelstadt in NASHVILLE zone.
11:49 of 2nd period - Shot by Sean Monahan.
11:49 of 2nd period - Stopped by Martin Jones without a rebound.
11:50 of 2nd period - William Nylander wins face-off versus Josh Leivo in BOSTON zone.
11:50 of 2nd period - William Nylander is hit by Devin Shore.
12:04 of 2nd period - Ivan Provorov is hit by Devin Shore and loses puck.
12:57 of 2nd period - Shot by Andrew Mangiapane.
12:57 of 2nd period - Shot Misses the Net.
12:59 of 2nd period - Shot by Philippe Myers.
12:59 of 2nd period - Shot Blocked by Brian Dumoulin.
13:01 of 2nd period - Shot by Juuso Valimaki.
13:01 of 2nd period - Shot Misses the Net.
14:16 of 2nd period - Shot by Paul Byron.
14:16 of 2nd period - Stopped by Martin Jones without a rebound.
14:17 of 2nd period - Yakov Trenin wins face-off versus Ivan Barbashev in BOSTON zone.
14:42 of 2nd period - Shot by Ilya Kovalchuk.
14:42 of 2nd period - Shot Misses the Net.
14:44 of 2nd period - Shot by Alec Martinez.
14:44 of 2nd period - Shot Blocked by Connor Carrick.
15:14 of 2nd period - Shot by William Nylander.
15:14 of 2nd period - Goal by William Nylander - BOSTON : 3 - NASHVILLE : 2.
15:15 of 2nd period - Casey Mittelstadt wins face-off versus Paul Byron in neutral zone.
15:19 of 2nd period - Andrew Mangiapane is hit by Morgan Rielly and loses puck.
15:46 of 2nd period - Juuso Valimaki is hit by Paul Byron and loses puck.
16:14 of 2nd period - Shot by Nicolas Hague.
16:14 of 2nd period - Shot Misses the Net.
16:30 of 2nd period - Off-side.
16:31 of 2nd period - Sean Monahan wins face-off versus Ivan Barbashev in neutral zone.
16:35 of 2nd period - Icing by Ivan Provorov.
16:36 of 2nd period - Sean Monahan wins face-off versus Ivan Barbashev in BOSTON zone.
16:51 of 2nd period - Shot by Ivan Provorov.
16:51 of 2nd period - Stopped by Devan Dubnyk with a rebound.
17:45 of 2nd period - Shot by Victor Olofsson.
17:45 of 2nd period - Shot Blocked by Jimmy Vesey.
17:57 of 2nd period - Shot by Victor Olofsson.
17:57 of 2nd period - Stopped by Devan Dubnyk without a rebound.
17:58 of 2nd period - Alexandre Texier wins face-off versus Paul Byron in NASHVILLE zone.
18:08 of 2nd period - Kevin Fiala is hit by Brian Dumoulin and loses puck.
18:17 of 2nd period - Ivan Provorov is hit by Bobby Ryan and loses puck.
18:29 of 2nd period - Minor Penalty to Paul Byron for Hooking.
18:30 of 2nd period - Ivan Barbashev wins face-off versus Devin Shore in NASHVILLE zone.
18:33 of 2nd period - Shot by Miles Wood.
18:33 of 2nd period - Shot Misses the Net.
18:35 of 2nd period - Shot by Alec Martinez.
18:35 of 2nd period - Stopped by Devan Dubnyk without a rebound.
18:36 of 2nd period - Ilya Kovalchuk wins face-off versus Devin Shore in NASHVILLE zone.
19:47 of 2nd period - Shot by Miro Heiskanen.
19:47 of 2nd period - Shot Misses the Net.
19:49 of 2nd period - Shot by Ivan Provorov.
19:49 of 2nd period - Shot Misses the Net.
19:51 of 2nd period - Shot by Miro Heiskanen.
19:51 of 2nd period - Shot Blocked by Morgan Rielly.
Goals for this period are 1 for BOSTON vs 0 for NASHVILLE.
Shots for this period are 8 for BOSTON vs 4 for NASHVILLE.

3rd period


0:01 of 3rd period - Sean Monahan wins face-off versus William Nylander in neutral zone.
0:21 of 3rd period - J.T. Compher is hit by Ivan Provorov and loses puck.
0:34 of 3rd period - Shot by Paul Byron.
0:34 of 3rd period - Stopped by Martin Jones without a rebound.
0:35 of 3rd period - Paul Byron wins face-off versus Ivan Barbashev in BOSTON zone.
1:27 of 3rd period - Icing by Paul Byron.
1:28 of 3rd period - William Nylander wins face-off versus Bobby Ryan in NASHVILLE zone.
2:25 of 3rd period - Shot by J.T. Compher.
2:25 of 3rd period - Shot Misses the Net.
2:27 of 3rd period - Shot by Erik Gustafsson.
2:27 of 3rd period - Shot Misses the Net.
3:03 of 3rd period - Shot by Connor Carrick.
3:03 of 3rd period - Shot Misses the Net.
3:05 of 3rd period - Shot by Josh Leivo.
3:05 of 3rd period - Stopped by Martin Jones without a rebound.
3:06 of 3rd period - Ivan Barbashev wins face-off versus Yakov Trenin in BOSTON zone.
3:11 of 3rd period - Yakov Trenin is hit by Ivan Barbashev and loses puck.
3:17 of 3rd period - Minor Penalty to Miles Wood for Slashing.
3:18 of 3rd period - William Nylander wins face-off versus Sean Monahan in BOSTON zone.
3:35 of 3rd period - Shot by Nicolas Hague.
3:35 of 3rd period - Stopped by Martin Jones without a rebound.
3:36 of 3rd period - Paul Byron wins face-off versus William Nylander in BOSTON zone.
3:59 of 3rd period - Shot by Brian Dumoulin.
3:59 of 3rd period - Shot Misses the Net.
4:01 of 3rd period - Shot by Morgan Rielly.
4:01 of 3rd period - Stopped by Martin Jones with a rebound.
4:03 of 3rd period - Shot by Morgan Rielly.
4:03 of 3rd period - Stopped by Martin Jones with a rebound.
4:05 of 3rd period - Shot by Brian Dumoulin.
4:05 of 3rd period - Shot Blocked by Alec Martinez.
4:15 of 3rd period - Shot by Brian Dumoulin.
4:15 of 3rd period - Shot Blocked by Filip Hronek.
4:42 of 3rd period - Shot by Sean Monahan.
4:42 of 3rd period - Shot Blocked by Ivan Provorov.
5:44 of 3rd period - Shot by Devin Shore.
5:44 of 3rd period - Deflect By Josh Leivo.
5:44 of 3rd period - Stopped by Martin Jones with a rebound.
6:26 of 3rd period - Shot by Blake Comeau.
6:26 of 3rd period - Shot Misses the Net.
6:33 of 3rd period - Morgan Rielly is hit by Andrew Mangiapane and loses puck.
6:43 of 3rd period - Icing by Alec Martinez.
6:44 of 3rd period - Casey Mittelstadt wins face-off versus Paul Byron in BOSTON zone.
7:00 of 3rd period - Andrew Mangiapane is hit by Paul Byron and loses puck.
7:33 of 3rd period - Shot by William Nylander.
7:33 of 3rd period - Shot Blocked by Josh Leivo.
8:32 of 3rd period - Shot by J.T. Compher.
8:32 of 3rd period - Stopped by Martin Jones without a rebound.
8:33 of 3rd period - Paul Byron wins face-off versus Ivan Barbashev in BOSTON zone.
8:42 of 3rd period - Shot by Bobby Ryan.
8:42 of 3rd period - Shot Misses the Net.
8:50 of 3rd period - Shot by Paul Byron.
8:50 of 3rd period - Shot Blocked by Ivan Barbashev.
8:52 of 3rd period - Shot by Jason Dickinson.
8:52 of 3rd period - Shot Misses the Net.
9:28 of 3rd period - Josh Leivo is hit by Filip Hronek and loses puck.
9:46 of 3rd period - Minor Penalty to Josh Leivo for Boarding.
9:47 of 3rd period - William Nylander wins face-off versus Sean Monahan in NASHVILLE zone.
9:54 of 3rd period - Shot by William Nylander.
9:54 of 3rd period - Shot Misses the Net.
10:47 of 3rd period - Shot by Devin Shore.
10:47 of 3rd period - Shot Misses the Net.
10:49 of 3rd period - Shot by Erik Gustafsson.
10:49 of 3rd period - Stopped by Martin Jones without a rebound.
10:50 of 3rd period - Ivan Barbashev wins face-off versus Paul Byron in BOSTON zone.
11:06 of 3rd period - Shot by Ilya Kovalchuk.
11:06 of 3rd period - Shot Misses the Net.
11:08 of 3rd period - Shot by Ivan Barbashev.
11:08 of 3rd period - Stopped by Devan Dubnyk with a rebound.
11:10 of 3rd period - Shot by Alec Martinez.
11:10 of 3rd period - Stopped by Devan Dubnyk without a rebound.
11:11 of 3rd period - Sean Monahan wins face-off versus William Nylander in NASHVILLE zone.
11:11 of 3rd period - Sean Monahan is hit by Nicolas Roy.
11:18 of 3rd period - Icing by Ivan Provorov.
11:19 of 3rd period - William Nylander wins face-off versus Sean Monahan in BOSTON zone.
11:28 of 3rd period - Shot by Miro Heiskanen.
11:28 of 3rd period - Shot Misses the Net.
12:02 of 3rd period - Shot by Andrew Mangiapane.
12:02 of 3rd period - Stopped by Devan Dubnyk without a rebound.
12:03 of 3rd period - Ivan Barbashev wins face-off versus Paul Byron in NASHVILLE zone.
12:24 of 3rd period - Off-side.
12:25 of 3rd period - Sean Monahan wins face-off versus Casey Mittelstadt in neutral zone.
12:32 of 3rd period - Philippe Myers is hit by Nicolas Hague and loses puck.
12:42 of 3rd period - Casey Mittelstadt is hit by Nicolas Hague and loses puck.
12:48 of 3rd period - Andrew Mangiapane is hit by Nicolas Hague and loses puck.
13:17 of 3rd period - Off-side.
13:18 of 3rd period - Ivan Barbashev wins face-off versus Paul Byron in neutral zone.
14:56 of 3rd period - Shot by William Nylander.
14:56 of 3rd period - Shot Misses the Net.
15:14 of 3rd period - Shot by Sean Monahan.
15:14 of 3rd period - Goal by Sean Monahan - BOSTON : 3 - NASHVILLE : 3.
15:15 of 3rd period - Casey Mittelstadt wins face-off versus Sean Monahan in neutral zone.
15:30 of 3rd period - Shot by Andrew Mangiapane.
15:30 of 3rd period - Stopped by Devan Dubnyk with a rebound.
16:59 of 3rd period - Miro Heiskanen is hit by Jason Dickinson.
Goals for this period are 0 for BOSTON vs 1 for NASHVILLE.
Shots for this period are 4 for BOSTON vs 9 for NASHVILLE.

Overtime #1


0:01 of 1st overtime period - Devin Shore wins face-off versus Alexandre Texier in neutral zone.
0:14 of 1st overtime period - Shot by Jason Dickinson.
0:14 of 1st overtime period - Shot Misses the Net.
1:04 of 1st overtime period - Shot by Kevin Fiala.
1:04 of 1st overtime period - Deflect By Casey Mittelstadt.
1:04 of 1st overtime period - Shot Blocked by Nicolas Hague.
1:18 of 1st overtime period - Shot by Jimmy Vesey.
1:18 of 1st overtime period - Stopped by Martin Jones without a rebound.
1:19 of 1st overtime period - Devin Shore wins face-off versus Alexandre Texier in BOSTON zone.
2:14 of 1st overtime period - Shot by Jimmy Vesey.
2:14 of 1st overtime period - Stopped by Martin Jones without a rebound.
2:15 of 1st overtime period - Casey Mittelstadt wins face-off versus Tage Thompson in BOSTON zone.
2:19 of 1st overtime period - Icing by Kevin Fiala.
2:20 of 1st overtime period - Casey Mittelstadt wins face-off versus Tage Thompson in BOSTON zone.
2:31 of 1st overtime period - Shot by Kevin Fiala.
2:31 of 1st overtime period - Shot Misses the Net.
2:45 of 1st overtime period - Shot by Casey Mittelstadt.
2:45 of 1st overtime period - Shot Misses the Net.
3:57 of 1st overtime period - Shot by J.T. Compher.
3:57 of 1st overtime period - Shot Misses the Net.
Goals for this period are 0 for BOSTON vs 0 for NASHVILLE.
Shots for this period are 0 for BOSTON vs 2 for NASHVILLE.

ShootOut


5:00 of 1st overtime period - Round #1.
5:00 of 1st overtime period - BOSTON, William Nylander.
5:00 of 1st overtime period - Goal by William Nylander.
5:00 of 1st overtime period - NASHVILLE, Sean Monahan.
5:00 of 1st overtime period - Goal by Sean Monahan.
5:00 of 1st overtime period - Round #2.
5:00 of 1st overtime period - BOSTON, Kevin Fiala.
5:00 of 1st overtime period - Goal by Kevin Fiala.
5:00 of 1st overtime period - NASHVILLE, J.T. Compher.
5:00 of 1st overtime period - Goal by J.T. Compher.
5:00 of 1st overtime period - Round #3.
5:00 of 1st overtime period - BOSTON, Ilya Kovalchuk.
5:00 of 1st overtime period - Stopped by Devan Dubnyk.
5:00 of 1st overtime period - NASHVILLE, Paul Byron.
5:00 of 1st overtime period - Stopped by Martin Jones.
5:00 of 1st overtime period - Round #4.
5:00 of 1st overtime period - BOSTON, Blake Comeau.
5:00 of 1st overtime period - Shot Misses the Net.
5:00 of 1st overtime period - NASHVILLE, Jason Dickinson.
5:00 of 1st overtime period - Shot Misses the Net.
5:00 of 1st overtime period - Round #5.
5:00 of 1st overtime period - BOSTON, Ivan Barbashev.
5:00 of 1st overtime period - Stopped by Devan Dubnyk.
5:00 of 1st overtime period - NASHVILLE, Jimmy Vesey.
5:00 of 1st overtime period - Goal by Jimmy Vesey.